PCL
MILE HIGH BRONCOS @ MEXICO CITY CERVECEROS
08/02/2028
 
TOP OF THE 1ST
Mile High Broncos batting - Pitching for Mexico City Cerveceros : LHP Sean Perry
Pitching: LHP Sean Perry
Batting: LHB Ernesto López 0-0: Ball
1-0: Ball
2-0: SINGLE (Line Drive, 8RS)
Batting: RHB John Brown 0-0: Foul Ball, location: 2F
0-1: SINGLE (Groundball, 25) (infield hit)
Ernesto López to second
Batting: LHB Dave Cook 0-0: Ball
1-0: Ball
2-0: Ball
3-0: Called Strike
3-1: Base on Balls
Ernesto López to third
John Brown to second
Batting: RHB David Moran 0-0: Ball
1-0: Foul Ball, location: 2F
1-1: Ball
2-1: Fly out, F8 (Flyball, 89XD)
Runner from 3rd tags up, SCORES, no throw
John Brown to third
Batting: RHB Jeff Packard 0-0: Ball
1-0: Called Strike
1-1: Ball
2-1: Ball
3-1: Foul Ball, location: 2F
3-2: SINGLE (Flyball, 8LS)
John Brown scores
Dave Cook to second
Batting: RHB António Martínez 0-0: Called Strike
0-1: Swinging Strike
0-2: Foul Ball, location: 2F
0-2: Ball
1-2: 3-RUN HOME RUN (Flyball, 7D), Distance : 366 ft
Batting: RHB Raúl Ruíz 0-0: SOLO HOME RUN (Flyball, 78XD), Distance : 392 ft
Batting: RHB Edward Williams 0-0: Ball
1-0: Ball
2-0: Foul Ball, location: 2F
2-1: SINGLE (Flyball, 89S)
Batting: SHB Pedro Martínez 0-0: Ball
1-0: Foul Ball, location: 2F
1-1: Called Strike
1-2: Ball
2-2: Ball
3-2: Base on Balls
Edward Williams to second
Batting: LHB Ernesto López 0-0: Called Strike
0-1: Ball
1-1: Foul Ball, location: 2F
1-2: Fielders Choice at 2nd, 4-6 (Groundball, 34)
Edward Williams to third
Batting: RHB John Brown 0-0: Foul Ball, location: 2F
0-1: Called Strike
0-2: Ball
1-2: Ball
2-2: Ball
3-2: Base on Balls
Ernesto López to second
Batting: LHB Dave Cook 0-0: Swinging Strike
0-1: Called Strike
0-2: Foul Ball, location: 2F
0-2: Ball
1-2: Strikes out looking
Top of the 1st over - 6 run(s), 6 hit(s), 0 error(s), 3 left on base; Mile High 6 - Mexico City 0
BOTTOM OF THE 1ST
Mexico City Cerveceros batting - Pitching for Mile High Broncos : RHP Manny Pérez
Pitching: RHP Manny Pérez
Batting: SHB George Adams 0-0: Foul Ball, location: 2F
0-1: Called Strike
0-2: Ball
1-2: Ground out U3 (Groundball, 3)
Batting: RHB Murai Ishihara 0-0: Ball
1-0: Ball
2-0: SINGLE (Flyball, 78S)
Batting: RHB Hamilton Holbrook 0-0: Ball
Murai Ishihara steals 2nd base
1-0: Ball
2-0: Called Strike
2-1: Fly out, F6 (Popup, 6D)
Batting: LHB Eduardo Gómez 0-0: Fly out, F7 (Flyball, 7S)
Bottom of the 1st over - 0 run(s), 1 hit(s), 0 error(s), 1 left on base; Mile High 6 - Mexico City 0
TOP OF THE 2ND
Mile High Broncos batting - Pitching for Mexico City Cerveceros : LHP Sean Perry
Batting: RHB David Moran 0-0: Foul Ball, location: 2F
0-1: Ball
1-1: Ball
2-1: Ball
3-1: Ground out 1-3 (Groundball, 13)
Pitching: LHP Albert Alonzo
Batting: RHB Jeff Packard 0-0: Fly out, F6 (Line Drive, 6M)
Batting: RHB António Martínez 0-0: Ball
1-0: Ball
2-0: Ball
3-0: Called Strike
3-1: Foul Ball, location: 2F
3-2: Strikes out swinging
Top of the 2nd over - 0 run(s), 0 hit(s), 0 error(s), 0 left on base; Mile High 6 - Mexico City 0
BOTTOM OF THE 2ND
Mexico City Cerveceros batting - Pitching for Mile High Broncos : RHP Manny Pérez
Batting: RHB Robert Johnson 0-0: Ball
1-0: Foul Ball, location: 2F
1-1: Ball
2-1: Ball
3-1: Called Strike
3-2: Base on Balls
Batting: LHB John Nicholson 0-0: Ball
1-0: SINGLE (Groundball, 4MD)
Robert Johnson to second
Batting: RHB Robinson Pacheco 0-0: Called Strike
0-1: Foul Ball, location: 2F
0-2: Ball
1-2: Ball
2-2: Ball
3-2: Base on Balls
Robert Johnson to third
John Nicholson to second
Batting: RHB Lee Price 0-0: Ball
1-0: Ball
2-0: Called Strike
2-1: Swinging Strike
2-2: Strikes out swinging
Batting: RHB Henning Huisman 0-0: Ball
1-0: Foul Ball, location: 2F
1-1: Swinging Strike
1-2: Strikes out swinging
Batting: SHB George Adams 0-0: Ball
1-0: Ground out 4-3 (Groundball, 6MS)
Bottom of the 2nd over - 0 run(s), 1 hit(s), 0 error(s), 3 left on base; Mile High 6 - Mexico City 0
TOP OF THE 3RD
Mile High Broncos batting - Pitching for Mexico City Cerveceros : LHP Albert Alonzo
Batting: RHB Raúl Ruíz 0-0: Called Strike
0-1: Ball
1-1: Fly out, F2 (Popup, 5S)
Batting: RHB Edward Williams 0-0: Foul Ball, location: 2F
0-1: SINGLE (Groundball, 6MD)
Batting: SHB Pedro Martínez 0-0: DOUBLE (Line Drive, 7LD)
Edward Williams to third
Batting: LHB Ernesto López 0-0: Fly out, F9 (Line Drive, 9LS)
Runner from 3rd tags up, SCORES, no throw
Batting: RHB John Brown 0-0: Ball
1-0: Ball
2-0: Called Strike
2-1: Ball
3-1: Called Strike
3-2: Base on Balls
Batting: LHB Dave Cook 0-0: Ball
1-0: Ball
2-0: Ball
3-0: Called Strike
3-1: SINGLE (Groundball, 4MD)
Pedro Martínez to third
John Brown to second
Runner from 3rd tries for Home, SAFE, no throw
Batting: RHB David Moran 0-0: Called Strike
0-1: Fly out, F8 (Flyball, 8RM)
Top of the 3rd over - 2 run(s), 3 hit(s), 0 error(s), 2 left on base; Mile High 8 - Mexico City 0
BOTTOM OF THE 3RD
Mexico City Cerveceros batting - Pitching for Mile High Broncos : RHP Manny Pérez
Batting: RHB Murai Ishihara 0-0: Ball
1-0: Ball
2-0: Ground out 5-3 (Groundball, 5S)
Batting: RHB Hamilton Holbrook 0-0: Ball
1-0: SOLO HOME RUN (Flyball, 78XD), Distance : 394 ft
Batting: LHB Eduardo Gómez 0-0: Called Strike
0-1: DOUBLE (Groundball, 3L)
Batting: RHB Robert Johnson 0-0: Called Strike
0-1: Ground out 6-3 (Groundball, 6)
Batting: LHB John Nicholson 0-0: Ball
1-0: Called Strike
1-1: Called Strike
1-2: Strikes out swinging
Bottom of the 3rd over - 1 run(s), 2 hit(s), 0 error(s), 1 left on base; Mile High 8 - Mexico City 1
TOP OF THE 4TH
Mile High Broncos batting - Pitching for Mexico City Cerveceros : LHP Albert Alonzo
Batting: RHB Jeff Packard 0-0: Ball
1-0: Called Strike
1-1: DOUBLE (Groundball, 3L)
Batting: RHB António Martínez 0-0: Ball
1-0: Ball
2-0: Called Strike
2-1: Called Strike
2-2: Ball
3-2: Base on Balls
Batting: RHB Raúl Ruíz 0-0: Foul Ball, location: 2F
0-1: Ball
1-1: Ball
2-1: Ball
3-1: SINGLE (Line Drive, 34D)
Jeff Packard to third
António Martínez to second
Batting: RHB Edward Williams 0-0: Ball
1-0: Ball
2-0: Called Strike
2-1: Ball
3-1: Base on Balls
Jeff Packard scores
António Martínez to third
Raúl Ruíz to second
Pitching: RHP Raúl Gómez
Batting: SHB Pedro Martínez 0-0: SINGLE (Flyball, 8RS)
António Martínez scores
Raúl Ruíz to third
Edward Williams to second
Batting: LHB Ernesto López 0-0: Ball
1-0: Ball
2-0: Ball
3-0: Base on Balls
Raúl Ruíz scores
Edward Williams to third
Pedro Martínez to second
Batting: RHB John Brown 0-0: Ball
1-0: DOUBLE (Flyball, 8RD)
Edward Williams scores
Pedro Martínez scores
Ernesto López to third
Batting: LHB Dave Cook 0-0: Swinging Strike
0-1: Ball
1-1: Ball
2-1: SINGLE (Line Drive, 89S)
Ernesto López scores
John Brown to third
Runner from 3rd tries for Home, SAFE, throw made home
Pitching: LHP Daniel Draper
Batting: RHB David Moran 0-0: Called Strike
0-1: Ball
1-1: Called Strike
1-2: Ball
2-2: Fly out, F8 (Flyball, 8RM)
Batting: RHB Jeff Packard 0-0: Called Strike
0-1: Swinging Strike
0-2: Strikes out swinging
Batting: RHB António Martínez 0-0: Foul Ball, location: 2F
0-1: Foul Ball, location: 2F
0-2: Ball
1-2: Ball
2-2: Ball
3-2: Base on Balls
Dave Cook to second
Batting: RHB Raúl Ruíz 0-0: Called Strike
0-1: Called Strike
0-2: SINGLE (Groundball, 34D)
Dave Cook to third
António Martínez to second
Runner from 3rd tries for Home, SAFE, no throw
Batting: RHB Edward Williams 0-0: DOUBLE (Line Drive, 78M)
António Martínez scores
Raúl Ruíz to third
Runner from 3rd tries for Home, SAFE, throw made at trailing runner, SAFE at third!
Batting: SHB Pedro Martínez 0-0: Ball
1-0: Ball
2-0: Ball
3-0: Called Strike
3-1: Ground out 6-3 (Groundball, 6)
Top of the 4th over - 10 run(s), 7 hit(s), 0 error(s), 1 left on base; Mile High 18 - Mexico City 1
BOTTOM OF THE 4TH
Mexico City Cerveceros batting - Pitching for Mile High Broncos : RHP Manny Pérez
Batting: RHB Robinson Pacheco 0-0: Called Strike
0-1: SINGLE (Groundball, 6MD)
Batting: RHB Lee Price 0-0: Ball
1-0: Foul Ball, location: 2F
1-1: Hit by Pitch
Robinson Pacheco to second
Batting: RHB Henning Huisman 0-0: Ball
1-0: Ball
2-0: Foul Ball, location: 2F
2-1: Ball
3-1: Base on Balls
Robinson Pacheco to third
Lee Price to second
Batting: SHB George Adams 0-0: Ball
1-0: Ball
2-0: Grounds into fielders choice 1-2 (Groundball, 15)
Lee Price to third
Henning Huisman to second
Batting: RHB Murai Ishihara 0-0: Called Strike
0-1: Called Strike
0-2: Ball
1-2: Strikes out looking
Batting: RHB Hamilton Holbrook 0-0: Called Strike
0-1: Ball
1-1: Fly out, F9 (Flyball, 9LSF)
Bottom of the 4th over - 0 run(s), 1 hit(s), 0 error(s), 3 left on base; Mile High 18 - Mexico City 1
TOP OF THE 5TH
Mile High Broncos batting - Pitching for Mexico City Cerveceros : LHP Daniel Draper
Batting: LHB Ernesto López 0-0: Foul Ball, location: 2F
0-1: Ball
1-1: Fly out, F7 (Flyball, 7LSF)
Batting: RHB John Brown 0-0: Ball
1-0: Swinging Strike
1-1: Ball
2-1: Called Strike
2-2: Fly out, F9 (Flyball, 9S)
Batting: LHB Dave Cook 0-0: Ball
1-0: Ball
2-0: Ball
3-0: Foul Ball, location: 2F
3-1: Base on Balls
Batting: RHB David Moran 0-0: Foul Ball, location: 2F
0-1: Foul Ball, location: 2F
0-2: Fly out, F4 (Popup, 34D)
Top of the 5th over - 0 run(s), 0 hit(s), 0 error(s), 1 left on base; Mile High 18 - Mexico City 1
BOTTOM OF THE 5TH
Mexico City Cerveceros batting - Pitching for Mile High Broncos : RHP Manny Pérez
Batting: LHB Eduardo Gómez 0-0: Called Strike
0-1: DOUBLE (Line Drive, 9D)
Batting: RHB Robert Johnson 0-0: Called Strike
0-1: Ball
1-1: Called Strike
1-2: Ball
2-2: Foul Ball, location: 2F
2-2: Ball
3-2: Fly out, F9 (Flyball, 9LS)
Batting: LHB John Nicholson 0-0: Called Strike
0-1: Ball
1-1: Ball
2-1: Foul Ball, location: 2F
2-2: Strikes out swinging
Batting: RHB Robinson Pacheco 0-0: Called Strike
0-1: Ball
1-1: Ball
2-1: Swinging Strike
2-2: Fly out, F2 (Popup, 23)
Bottom of the 5th over - 0 run(s), 1 hit(s), 0 error(s), 1 left on base; Mile High 18 - Mexico City 1
TOP OF THE 6TH
Mile High Broncos batting - Pitching for Mexico City Cerveceros : LHP Daniel Draper
Batting: RHB Jeff Packard 0-0: Ball
1-0: Called Strike
1-1: Swinging Strike
1-2: Ball
2-2: Ball
3-2: Strikes out swinging, 2-3 out at first.
Pitching: LHP Columbo Briatori
Batting: RHB António Martínez 0-0: Foul Ball, location: 2F
0-1: Ball
1-1: Swinging Strike
1-2: Strikes out swinging
Batting: RHB Raúl Ruíz 0-0: Ball
1-0: Called Strike
1-1: Ball
2-1: Ball
3-1: Called Strike
3-2: DOUBLE (Flyball, 9LM)
Batting: RHB Edward Williams 0-0: Foul Ball, location: 2F
0-1: Ball
1-1: Ball
2-1: Ball
3-1: Base on Balls
Batting: SHB Pedro Martínez 0-0: Ball
1-0: Called Strike
1-1: Foul Ball, location: 2F
1-2: Foul Ball, location: 2F
1-2: Strikes out looking
Top of the 6th over - 0 run(s), 1 hit(s), 0 error(s), 2 left on base; Mile High 18 - Mexico City 1
BOTTOM OF THE 6TH
Mexico City Cerveceros batting - Pitching for Mile High Broncos : RHP Manny Pérez
Batting: RHB Lee Price 0-0: Ball
1-0: Ground out 1-3 (Groundball, 15S)
Batting: RHB Henning Huisman 0-0: Ball
1-0: Ball
2-0: Ball
3-0: Base on Balls
Batting: SHB George Adams 0-0: Ball
1-0: Called Strike
1-1: Ball
2-1: Ball
3-1: Ground out 6-3 (Groundball, 6S)
Henning Huisman to second
Pinch Hitting: RHB Júlio López 0-0: Called Strike
0-1: Foul Ball, location: 2F
0-2: Ball
1-2: Ball
2-2: DOUBLE (Line Drive, 9LS)
Henning Huisman scores
Batting: RHB Hamilton Holbrook 0-0: Ball
1-0: Called Strike
1-1: Called Strike
1-2: Strikes out swinging
Bottom of the 6th over - 1 run(s), 1 hit(s), 0 error(s), 1 left on base; Mile High 18 - Mexico City 2
TOP OF THE 7TH
Mile High Broncos batting - Pitching for Mexico City Cerveceros : LHP Columbo Briatori
Now at 3B: Orlando González
Batting: LHB Ernesto López 0-0: SINGLE (Flyball, 8RS) - OUT at second base trying to stretch hit.
Batting: RHB John Brown 0-0: Ball
1-0: Called Strike
1-1: Called Strike
1-2: Ball
2-2: Ball
3-2: Base on Balls
Batting: LHB Dave Cook 0-0: Ball
1-0: Foul Ball, location: 2F
1-1: Ball
2-1: Fielders Choice at 2nd, 4-6 (Groundball, 4)
Batting: RHB David Moran 0-0: Ball
1-0: Called Strike
1-1: 2-RUN HOME RUN (Flyball, 89XD), Distance : 410 ft
Batting: RHB Jeff Packard 0-0: Ball
1-0: SINGLE (Flyball, 8LS)
Batting: RHB António Martínez 0-0: Called Strike
0-1: Foul Ball, location: 2F
0-2: Ball
1-2: Ball
2-2: 2-RUN HOME RUN (Flyball, 78XD), Distance : 400 ft
Batting: RHB Raúl Ruíz 0-0: Called Strike
0-1: Ball
1-1: Ball
2-1: Foul Ball, location: 2F
2-2: Ball
3-2: Foul Ball, location: 2F
3-2: Foul Ball, location: 2F
3-2: DOUBLE (Flyball, 89D)
Pitching: RHP David Sheppard
Batting: RHB Edward Williams 0-0: Ball
1-0: Ball
2-0: Swinging Strike
2-1: Called Strike
2-2: Ball
3-2: Foul Ball, location: 2F
3-2: Base on Balls
Batting: SHB Pedro Martínez 0-0: Swinging Strike
0-1: Ball
1-1: Ball
2-1: 3-RUN HOME RUN (Flyball, 9D), Distance : 362 ft
Batting: LHB Ernesto López 0-0: Called Strike
0-1: Ball
1-1: Foul Ball, location: 2F
1-2: Foul Ball, location: 2F
1-2: Ball
2-2: Ball
3-2: Ground out 6-3 (Groundball, 6)
Top of the 7th over - 7 run(s), 6 hit(s), 0 error(s), 0 left on base; Mile High 25 - Mexico City 2
BOTTOM OF THE 7TH
Mexico City Cerveceros batting - Pitching for Mile High Broncos : RHP Manny Pérez
Pitching: LHP Juan Garza
Batting: LHB Eduardo Gómez 0-0: Called Strike
0-1: Called Strike
0-2: Reached on error, E6 (Groundball, 6)
Batting: RHB Robert Johnson 0-0: Swinging Strike
0-1: Ball
1-1: Called Strike
1-2: Strikes out swinging
Batting: LHB John Nicholson 0-0: Ball
1-0: Ball
2-0: SINGLE (Groundball, 25) (infield hit)
Eduardo Gómez to second
Batting: RHB Robinson Pacheco 0-0: Ball
1-0: Ball
2-0: Called Strike
2-1: Grounds into double play, 5-4-3 (Groundball, 56)
Bottom of the 7th over - 0 run(s), 1 hit(s), 1 error(s), 1 left on base; Mile High 25 - Mexico City 2
TOP OF THE 8TH
Mile High Broncos batting - Pitching for Mexico City Cerveceros : RHP David Sheppard
Batting: RHB John Brown 0-0: Ball
1-0: Foul Ball, location: 2F
1-1: Foul Ball, location: 2F
1-2: Strikes out swinging
Batting: LHB Dave Cook 0-0: Ball
1-0: Ball
2-0: Ball
3-0: Base on Balls
Batting: RHB David Moran 0-0: Called Strike
0-1: Foul Ball, location: 2F
0-2: Ball
1-2: Foul Ball, location: 2F
1-2: SINGLE (Groundball, 6D)
Dave Cook to second
Batting: RHB Jeff Packard 0-0: Foul Ball, location: 2F
0-1: Ball
1-1: SINGLE (Flyball, 8LS)
Dave Cook to third
David Moran to second
Runner from 3rd tries for Home, SAFE, throw made home
David Moran to third
Jeff Packard to second
Pitching: RHP Tex Perkins
Batting: RHB António Martínez 0-0: Ball
1-0: Ball
2-0: Ball
3-0: Base on Balls
Batting: RHB Raúl Ruíz 0-0: Foul Ball, location: 2F
0-1: Foul Ball, location: 2F
0-2: Strikes out swinging
Batting: RHB Edward Williams 0-0: Fly out, F6 (Line Drive, 6)
Top of the 8th over - 1 run(s), 2 hit(s), 0 error(s), 3 left on base; Mile High 26 - Mexico City 2
BOTTOM OF THE 8TH
Mexico City Cerveceros batting - Pitching for Mile High Broncos : LHP Juan Garza
Now at SS: Luis Alvarado
Batting: RHB Lee Price 0-0: Swinging Strike
0-1: Called Strike
0-2: Strikes out swinging
Batting: RHB Henning Huisman 0-0: Called Strike
0-1: Ball
1-1: Ball
2-1: Ball
3-1: Swinging Strike
3-2: Strikes out swinging
Batting: SHB George Adams 0-0: SINGLE (Line Drive, 78S)
Batting: RHB Orlando González 0-0: Ball
1-0: Ball
2-0: Ball
3-0: Base on Balls
George Adams to second
Batting: RHB Hamilton Holbrook 0-0: Ball
1-0: Foul Ball, location: 2F
1-1: Ball
2-1: Foul Ball, location: 2F
2-2: Ball
3-2: Base on Balls
George Adams to third
Orlando González to second
Batting: LHB Eduardo Gómez 0-0: Swinging Strike
0-1: Ball
1-1: Ball
2-1: Ball
3-1: Foul Ball, location: 2F
3-2: Foul Ball, location: 2F
3-2: Base on Balls
George Adams scores
Orlando González to third
Hamilton Holbrook to second
Batting: RHB Robert Johnson 0-0: Ball
1-0: Fly out, F9 (Line Drive, 89D)
Bottom of the 8th over - 1 run(s), 1 hit(s), 0 error(s), 3 left on base; Mile High 26 - Mexico City 3
TOP OF THE 9TH
Mile High Broncos batting - Pitching for Mexico City Cerveceros : RHP Tex Perkins
Batting: SHB Pedro Martínez 0-0: Swinging Strike
0-1: Swinging Strike
0-2: Strikes out looking
Batting: LHB Ernesto López 0-0: Called Strike
0-1: Ball
1-1: SINGLE (Line Drive, 4D)
Batting: RHB John Brown 0-0: Called Strike
0-1: Ball
1-1: Called Strike
1-2: Ball
2-2: Strikes out swinging
Batting: LHB Dave Cook 0-0: Foul Ball, location: 2F
0-1: Swinging Strike
0-2: Ball
1-2: Foul Ball, location: 2F
1-2: Strikes out swinging
Top of the 9th over - 0 run(s), 1 hit(s), 0 error(s), 1 left on base; Mile High 26 - Mexico City 3
BOTTOM OF THE 9TH
Mexico City Cerveceros batting - Pitching for Mile High Broncos : LHP Juan Garza
Now at 1B: Juan Medina
Now at 3B: Bo Vickers
Now in CF: José Darias
Batting: LHB John Nicholson 0-0: Ball
1-0: Ball
2-0: Foul Ball, location: 2F
2-1: Ball
3-1: Foul Ball, location: 2F
3-2: Base on Balls
Batting: RHB Robinson Pacheco 0-0: Called Strike
0-1: Ball
1-1: Ball
2-1: Ball
3-1: Base on Balls
John Nicholson to second
Pitching: RHP Hokusai Nakashima
Batting: RHB Lee Price 0-0: Called Strike
0-1: Swinging Strike
0-2: Strikes out looking
Batting: RHB Henning Huisman 0-0: Ball
Wild Pitch!
John Nicholson to third
Robinson Pacheco to second
1-0: Called Strike
1-1: Called Strike
1-2: Strikes out swinging
Batting: SHB George Adams 0-0: Called Strike
0-1: Ball
1-1: Ground out 1-3 (Groundball, 15S)
Bottom of the 9th over - 0 run(s), 0 hit(s), 0 error(s), 2 left on base; Mile High 26 - Mexico City 3
Tuesday, August 8th, 2017 - OOTP Baseball 17.12 Build 75